 Dungeon Crawl Stone Soup version 0.29-a0-384-g6960b1960d (webtiles) character file.

Game seed: 1939705403031749519

1960 holysushi the Tainter (level 9, -11/54 (57) HPs)
             Began as an Octopode Venom Mage on May 7, 2022.
             Was a Follower of Vehumet.
             Mangled by Joseph
             ... wielding a +0 spectral quarterstaff
              (28 damage)
             ... on level 7 of the Dungeon.
             The game lasted 00:19:38 (11998 turns).

holysushi the Tainter (Octopode Venom Mage)        Turns: 11998, Time: 00:19:38

HP:   -11/54 (57)   AC:  3    Str:  7    XL:     9   Next: 19%
MP:   5/15          EV: 16    Int: 27    God:    Vehumet [*.....]
Gold: 357           SH:  0    Dex: 16    Spells: 5/16 levels left

rFire   . . .      SeeInvis .   f - +1 dagger (elec)
rCold   . . .      Faith    .   (no shield)
rNeg    . . .      Spirit   .   s - +2 hat {Int+3}
rPois   .          Reflect  .   (no amulet)
rElec   .          Harm     .   c - +6 ring of intelligence
rCorr   .          Rampage  .   (no ring)
Will    .....                   (no ring)
Stlth   ++++......              (no ring)
HPRegen 0.18/turn               (no ring)
MPRegen 0.14/turn               (no ring)
                                (no ring)
                                (no ring)

@: flying, drained
A: almost no armour, amphibious, 8 rings, camouflage 1, gelatinous body 1,
(nimble swimmer 1), tentacles
a: Renounce Religion


You were on level 7 of the Dungeon.
You worshipped Vehumet.
Vehumet was aware of your devotion.
You visited 1 branch of the dungeon, and saw 7 of its levels.

You collected 357 gold pieces.

Inventory:

Hand Weapons
 f - a +1 dagger of electrocution (weapon)
 i - a +1 dagger of venom
Armour
 s - a +2 hat of intelligence (worn)
Jewellery
 c - a +6 ring of intelligence (left tentacle)
Scrolls
 b - a scroll of silence {unknown}
 d - a scroll of amnesia
 g - 2 scrolls of noise
 h - 3 scrolls of enchant armour
 j - a scroll of acquirement {unknown}
 k - 2 scrolls of magic mapping {unknown}
 l - a scroll of vulnerability
 n - a scroll of teleportation
 p - 3 scrolls of identify
 w - a scroll of fear
Potions
 a - a potion of magic
 e - a potion of resistance
 m - a potion of might
 o - a potion of mutation {unknown}
 q - a potion of flight
 t - 2 potions of lignification {unknown}
 v - a potion of haste


   Skills:
 - Level 3.4 Fighting
 - Level 2.2 Short Blades
 + Level 6.6 Dodging
 - Level 4.9 Stealth
 - Level 4.0 Spellcasting
 - Level 1.6 Transmutations
 + Level 2.4 Air Magic
 - Level 8.0 Poison Magic
 + Level 2.7 Evocations


You had 5 spell levels left.
You knew the following spells:

 Your Spells              Type           Power      Damage    Failure   Level
a - Sting                 Tmut/Pois      100%       1d8       1%          1
b - Poisonous Vapours     Pois/Air       66%        N/A       1%          2
c - Shock                 Conj/Air       48%        1d6       4%          1
d - Olgreb's Toxic Radia  Pois           48%        N/A       3%          4
e - Mephitic Cloud        Conj/Pois/Air  24%        N/A       6%          3

Your spell library contained the following spells:

 Spells                   Type           Power      Damage    Failure   Level
 Gell's Gravitas          Tloc           5%         N/A       24%         3
 Lesser Beckoning         Tloc           5%         N/A       24%         3
 Teleport Other           Tloc           5%         N/A       24%         3


Dungeon Overview and Level Annotations

Branches:
Dungeon (7/15)             Temple (0/1) D:5

Altars:
Dithmenos
Gozag
Kikubaaqudgha
Makhleb
Vehumet

Shops:
D:2 (   D:5 (

Annotations:
D:7 Joseph


Innate Abilities, Weirdness & Mutations

You cannot wear most types of armour.
You are amphibious.
You can wear up to eight rings at the same time.
Your skin changes colour to match your surroundings (Stealth+).
Your rubbery body absorbs attacks. (AC +1, EV +1)
((You are camouflaged when in or above water. (Stealth+)))
You have tentacles for arms and can constrict up to eight enemies at once.


Message History

Joseph seems to grow stronger.
You feel better. Joseph barely misses you.
Casting: Sting (safe; 1% risk of failure)
Confirm with . or Enter, or press ? or * to list all spells.
Aiming: Poisonous Vapours (safe; 1% risk of failure)
Press: ? - help, Dir - move target, f/p - Joseph
Aim: Joseph, wielding a +0 spectral quarterstaff and wearing a +3 ring mail of cold resistance (moderately wounded, strong, very poisoned) Poisonous vapours surround Joseph!
Joseph looks as sick as possible!
Joseph barely misses you.
Casting: Poisonous Vapours (safe; 1% risk of failure)
Confirm with . or Enter, or press ? or * to list all spells.
Aiming: Poisonous Vapours (safe; 1% risk of failure)
Press: ? - help, Dir - move target, f/p - Joseph
Aim: Joseph, wielding a +0 spectral quarterstaff and wearing a +3 ring mail of cold resistance (moderately wounded, strong, extremely poisoned) Poisonous vapours surround Joseph!
Joseph looks as sick as possible!
Joseph misses you.
Casting: Poisonous Vapours (safe; 1% risk of failure)
Confirm with . or Enter, or press ? or * to list all spells.
You don't know that spell.
Casting: Poisonous Vapours (safe; 1% risk of failure)
Confirm with . or Enter, or press ? or * to list all spells.
Okay, then.
Casting: Poisonous Vapours (safe; 1% risk of failure)
Confirm with . or Enter, or press ? or * to list all spells.
Aiming: Mephitic Cloud (dangerous; 6% risk of failure)
Press: ? - help, Shift-Dir - straight line, p - Joseph The ball explodes into a vile cloud!
The stinking cloud engulfs Joseph but does no damage.
Joseph is moderately wounded.
You hear a shout! x3
Joseph is engulfed in noxious fumes.
Joseph appears confused.
You hit Joseph but do no damage. Lightning courses through Joseph!
Your grab misses Joseph.
Joseph is heavily wounded.
You hit Joseph. Lightning courses through Joseph! You grab Joseph.
Joseph is severely wounded.
You constrict Joseph, but do no damage.
Joseph is engulfed in noxious fumes.
Joseph hits you with a +0 spectral quarterstaff!!
Ouch! That really hurt!
You die...

.. ....#..
.##...#.#
...[.#.#
......#
...○.#
#.○°.###
####.○@○..#
#....@....#
#.########...


You could see Joseph (strong, confused, extremely poisoned).

Vanquished Creatures
  Sigmund (D:2)
  A steam dragon (D:6)
  Edmund (D:6)
  A water moccasin (D:3)
  An ice beast (D:6)
  A sky beast (D:5)
  2 ogres
  A centaur (D:6)
  A kobold brigand (D:6)
  A bullfrog (D:5)
  5 wights (D:6)
  A crimson imp (D:6)
  4 hounds
  A jelly (D:5)
  An orc priest (D:6)
  Terence (D:3)
  3 iguanas (D:5)
  2 orc wizards (D:3)
  Robin (D:2)
  8 gnolls
  6 adders
  A white imp (D:5)
  3 worms
  A dart slug (D:3)
  11 orcs
  5 bats
  4 endoplasms
  2 giant cockroaches
  6 hobgoblins
  8 jackals (D:1)
  7 quokkas
  8 ball pythons
  A frilled lizard (D:1)
  10 goblins
  14 kobolds
  5 rats (D:1)
130 creatures vanquished.

Notes
Turn   | Place    | Note
-------+----------+-------------------------------------------
     0 | D:1      | holysushi the Octopode Venom Mage began the quest for the
                  | Orb.
     0 | D:1      | Reached XP level 1. HP: 11/11 MP: 3/3
   117 | D:1      | Reached XP level 2. HP: 8/17 MP: 0/5
   370 | D:1      | Learned a level 2 spell: Poisonous Vapours
   809 | D:1      | Reached XP level 3. HP: 18/22 MP: 2/6
  1027 | D:1      | Reached skill level 4 in Poison Magic
  1120 | D:1      | Found a faded altar of an unknown god.
  1590 | D:1      | Reached skill level 1 in Fighting
  2608 | D:2      | Found Nucuos's Antique Weapon Boutique.
  2761 | D:2      | Learned a level 3 spell: Mephitic Cloud
  3071 | D:2      | Reached XP level 4. HP: 28/28 MP: 2/7
  3276 | D:2      | Noticed Sigmund
  3293 | D:2      | Killed Sigmund
  3294 | D:2      | Reached skill level 5 in Poison Magic
  3294 | D:2      | Reached XP level 5. HP: 13/33 MP: 0/8
  3803 | D:2      | Reached XP level 6. HP: 38/38 MP: 7/9
  4004 | D:2      | Noticed Robin
  4014 | D:2      | Killed Robin
  4147 | D:2      | Reached skill level 6 in Poison Magic
  4754 | D:3      | Noticed Terence
  4763 | D:3      | Killed Terence
  4767 | D:3      | Noticed a water moccasin
  5254 | D:3      | Killed a water moccasin
  5255 | D:3      | Reached skill level 1 in Short Blades
  5404 | D:3      | Reached XP level 7. HP: 33/44 MP: 4/10
  5541 | D:3      | Learned a level 4 spell: Olgreb's Toxic Radiance
  6800 | D:4      | Found a radiant altar of Vehumet.
  6801 | D:4      | Found an ancient bone altar of Kikubaaqudgha.
  6801 | D:4      | Found an opulent altar of Gozag.
  6803 | D:4      | Found a shadowy altar of Dithmenos.
  6811 | D:4      | Became a worshipper of Vehumet
  7442 | D:5      | Entered Level 5 of the Dungeon
  7457 | D:5      | Reached skill level 5 in Dodging
  8250 | D:5      | Found Goicuikh's Weapon Shop.
  8582 | D:5      | Reached XP level 8. HP: 36/51 MP: 2/12
  8737 | D:5      | Found a staircase to the Ecumenical Temple.
  9039 | D:6      | Noticed Edmund
  9053 | D:6      | Killed Edmund
  9054 | D:6      | Reached skill level 7 in Poison Magic
  9315 | D:6      | Reached * piety under Vehumet
  9315 | D:6      | Offered knowledge of Shock by Vehumet.
  9844 | D:5      | Learned a level 1 spell: Shock
 10175 | D:6      | Reached skill level 1 in Air Magic
 10175 | D:6      | Reached skill level 1 in Evocations
 10685 | D:6      | Reached XP level 9. HP: 24/57 MP: 9/15
 10905 | D:6      | Found a burning altar of Makhleb.
 10913 | D:6      | Reached skill level 8 in Poison Magic
 11986 | D:7      | Noticed Joseph
 11998 | D:7      | Mangled by Joseph

Illustrated notes

Levels and vault maps discovered:
D:1:      nicolae_arrival_washed_ashore, layout_basic,
          hellmonk_ecumenical_altar_leap_of_faith
D:2:      layout_basic, serial_shops, shop, uniq_sigmund, uniq_robin
D:3:      layout_basic, kennysheep_nondescript, minivault_5, uniq_terence
D:4:      layout_basic, chequers_temple_overflow_statue_of_worship
D:5:      layout_cave_pods, temple_green, serial_shops, nicolae_diamond_shop
D:6:      layout_basic, makhleb_grotto_becter, uniq_edmund
D:7:      layout_basic, elyvilon_altar_3, nzn_overflow_gifts_of_might_and_magic,
          serial_shops, shop, minmay_misc_feat_nine_boxes, st_stairs_2,
          minmay_shop_damaged, uniq_joseph

Skill      XL: |  1  2  3  4  5  6  7  8  9 |
---------------+----------------------------+-----
Poison Magic   | 4 5 6 7 8 |  8.0
Fighting       | 1 2 3 |  3.4
Dodging        | 4 5 6 |  6.6
Short Blades   | 1 2 |  2.2
Spellcasting   | 3 4 |  4.0
Stealth        | 3 4 |  4.9
Air Magic      | 1 2 |  2.4
Evocations     | 1 2 |  2.7
Transmutations | |  1.6

Action                   |  1- 3 |  4- 6 |  7- 9 || total
-------------------------+-------+-------+-------++-------
Melee: Unarmed           |    15 |       |       ||    15
       Constrict         |     3 |     4 |     9 ||    16
       Punch             |     1 |     1 |     2 ||     4
       Dagger            |     7 |    25 |    44 ||    76
       Tentacles         |     1 |     7 |     8 ||    16
 Cast: Sting             |    29 |    44 |   119 ||   192
       Poisonous Vapours |    35 |    22 |    65 ||   122
       Shock             |       |       |    39 ||    39
       Mephitic Cloud    |       |       |     1 ||     1
Evoke: Wand              |       |       |     3 ||     3
  Use: Scroll            |       |    11 |       ||    11
       Potion            |       |     1 |     4 ||     5
Armor: Skin              |     4 |     3 |    13 ||    20
Dodge: Dodged            |    23 |    22 |    97 ||   142

Table legend: (Time is in decaauts)
 A = Elapsed time spent in this place.
 B = Non-inter-level travel time spent in this place.
 C = Inter-level travel time spent in this place.
 D = Time resting spent in this place.
 E = Time spent auto-exploring this place.
 F = Levels seen in this place.
 G = Mean time per level.
                   A        B        C        D        E       F      G
               +--------+--------+--------+--------+--------+-----+--------+
         Total |  11965 |  11441 |    524 |   4679 |   5060 |   7 | 1709.3 |
       Dungeon |  11965 |  11441 |    524 |   4679 |   5060 |   7 | 1709.3 |
               +--------+--------+--------+--------+--------+-----+--------+

Top non-repeatable levels by time:
     D:2: 2754 daAuts
     D:6: 2355 daAuts
     D:1: 2239 daAuts
     D:5: 2168 daAuts
     D:3: 1731 daAuts
     D:4: 704 daAuts
     D:7: 11 daAuts
